 Dungeon Crawl Stone Soup version 0.30-a0-830-gfe289a77b0 (webtiles) character file.

Game seed: 17877899730336418490

46 Nacht the Digger (level 3, -4/24 HPs)
             Began as a Demonspawn Earth Elementalist on Mar 1, 2023.
             Killed from afar by Robin (10 damage)
             ... with a puff of flame
             ... on level 2 of the Dungeon.
             The game lasted 00:01:09 (953 turns).

Nacht the Digger (Demonspawn Earth Elementalist)     Turns: 953, Time: 00:01:10

Health: -4/24      AC:  3    Str:  6 (8)  XL:     3   Next: 46%
Magic:  0/6        EV: 12    Int: 15 (18) God:
Gold:   62         SH:  0    Dex: 12 (13) Spells: 5/6 levels left

rFire   . . .      SeeInvis .    (no weapon)
rCold   . . .      Faith    .    (no shield)
rNeg    . . .      Spirit   .    a - +0 robe
rPois   .          Reflect  .    (helmet restricted)
rElec   .          Harm     .    (no cloak)
rCorr   .          Rampage  .    (no gloves)
Will    .....                    (no boots)
Stlth   ++                       (no amulet)
HPRegen 0.24/turn                (no ring)
MPRegen 0.10/turn                (no ring)

@: mighty, brilliant
A: horns 1, sharp scales 1
a: no special abilities


You were on level 2 of the Dungeon.
You visited 1 branch of the dungeon, and saw 2 of its levels.

You collected 62 gold pieces.

Inventory:

Armour
 a - a +0 robe (worn)
Scrolls
 b - 4 scrolls of identify {unknown}
 d - a scroll of immolation {unknown}
 g - a scroll of fog {unknown}


   Skills:
 - Level 1.7 Dodging
 - Level 1.7 Stealth
 - Level 2.0 Spellcasting
 - Level 0.8 Transmutations
 + Level 4.1 Earth Magic


You had 5 spell levels left.
You knew the following spells:

 Your Spells              Type           Power      Damage    Failure   Level
a - Sandblast             Erth           42%        2d11      4%          1

Your spell library contained the following spells:

 Spells                   Type           Power      Damage    Failure   Level
 Passwall                 Tmut/Erth      10%        N/A       12%         2
 Stone Arrow              Conj/Erth      22%        3d8       28%         3
 Petrify                  Tmut/Erth      13%        N/A       61%         4


Dungeon Overview and Level Annotations

Branches:
Dungeon (2/15)

Altars:

Annotations:
D:2 Robin


Innate Abilities, Weirdness & Mutations

You have a pair of small horns on your head.
You are partially covered in razor-sharp scales. (AC +1, Slay +1)


Message History

The hobgoblin hits you but does no damage.
You hit the hobgoblin but do no damage. You headbutt the hobgoblin.
You kill the hobgoblin!
The hobgoblin throws a stone.
The stone hits you.
* * * LOW HITPOINT WARNING * * *
The hobgoblin barely misses you.
Items here: )) ††.
The hobgoblin throws a stone.
The stone hits you but does no damage.
Things that are here:
a +0 dagger; a +0 dagger; a goblin corpse
Casting: Sandblast (safe; 4% risk of failure)
Confirm with . or Enter, or press ? or * to list all spells.
Aiming: Sandblast (safe; 4% risk of failure)
Press: ? - help, Shift-Dir - straight line, f - hobgoblin
Aim: a hobgoblin, quivering stones (strong, 83% to hit)
You feel a surge of power!
The blast of sand hits the hobgoblin.
The hobgoblin is severely wounded.
The hobgoblin no longer looks unusually strong.
Robin roars a battlecry!
The hobgoblin goes into a battle-frenzy!
You hit the hobgoblin.
You kill the hobgoblin!
Casting: Sandblast (safe; 4% risk of failure)
Confirm with . or Enter, or press ? or * to list all spells.
Aiming: Sandblast (safe; 4% risk of failure)
Press: ? - help, Shift-Dir - straight line, f - Robin
Aim: Robin, wielding a +0 club, wearing a +0 animal skin, wearing a +1 helmet and carrying a wand of flame (27) (87% to hit)
You feel a surge of power!
The blast of sand hits Robin but does no damage.
Robin completely misses you.
Casting: Sandblast (safe; 4% risk of failure)
Confirm with . or Enter, or press ? or * to list all spells.
You don't have enough magic to cast this spell.
You hit Robin.
Robin is moderately wounded.
Robin closely misses you.
You hit Robin. You headbutt Robin.
Robin is almost dead.
Robin zaps a wand.
The puff of flame hits you!
You die...

#...)..#.# #.. .. ###
#<.......# #.. .. .....#
####...### #.. #J# #.##.# #...#
#.. .... #.##.# #...#######..
....# #.##.# #...##.##....
.....##.##.# ######...#.#.#.#..
..g........###.........###.....
.........!.))g@.......## ##....
...........###.........###[....
.....†.!..(# ####.#...#.#.#....
...........# #.#...#..###...
##.........# #.#...#.## ###.
#.........# #.#...#.# #.
#.........# #.#[..#.######.
#.........# #..............
#####.##### ####.#.####..#.


You could see Robin.

Vanquished Creatures
  A dart slug (D:1)
  3 endoplasms
  2 giant cockroaches (D:1)
  14 goblins
  6 hobgoblins (D:2)
  A quokka (D:2)
  4 ball pythons
  A bat (D:1)
  A frilled lizard (D:1)
  2 kobolds
  2 rats
37 creatures vanquished.

Vanquished Creatures (others)
  2 plants (D:1)
2 creatures vanquished.

Grand Total: 39 creatures vanquished

Notes
Turn   | Place    | Note
-------+----------+-------------------------------------------
     0 | D:1      | Nacht the Demonspawn Earth Elementalist began the quest for
                  | the Orb.
     0 | D:1      | Reached XP level 1. HP: 13/13 MP: 3/3
   125 | D:1      | Reached skill level 3 in Earth Magic
   201 | D:1      | Gained mutation: You have a pair of small horns on your
                  | head. [demonic ancestry]
   201 | D:1      | Reached XP level 2. HP: 16/19 MP: 3/5
   660 | D:2      | Found a faded altar of an unknown god.
   719 | D:2      | Gained mutation: You are partially covered in razor-sharp
                  | scales. (AC +1, Slay +1) [demonic ancestry]
   719 | D:2      | Reached XP level 3. HP: 24/24 MP: 3/6
   911 | D:2      | Noticed Robin
   931 | D:2      | Reached skill level 4 in Earth Magic
   953 | D:2      | Killed from afar by Robin

Illustrated notes

Levels and vault maps discovered:
D:1:      tarquinn_simple_flora_water_e, layout_rooms, minmay_small_reverse_x
D:2:      layout_loops_cross, hellmonk_ecumenical_altar_run_dry, uniq_robin

Skill      XL: |  1  2  3 |
---------------+----------+-----
Earth Magic    | 3 4 |  4.1
Dodging        | |  1.7
Stealth        | |  1.7
Spellcasting   | |  2.0
Transmutations | |  0.8

Action                     || total
---------------------------++-------
  Melee: Unarmed           ||    33
         Headbutt          ||     5
         Punch             ||     1
   Cast: Sandblast         ||    42
    Use: Potion            ||     5
 Armour: Robe              ||    16
  Dodge: Dodged            ||    49

Table legend: (Time is in decaauts)
 A = Elapsed time spent in this place.
 B = Non-inter-level travel time spent in this place.
 C = Inter-level travel time spent in this place.
 D = Time resting spent in this place.
 E = Time spent auto-exploring this place.
 F = Levels seen in this place.
 G = Mean time per level.
                   A        B        C        D        E       F      G
               +--------+--------+--------+--------+--------+-----+--------+
         Total |    973 |    957 |     16 |      0 |    752 |   2 |  486.5 |
       Dungeon |    973 |    957 |     16 |      0 |    752 |   2 |  486.5 |
               +--------+--------+--------+--------+--------+-----+--------+

Top non-repeatable levels by time:
     D:1: 519 daAuts
     D:2: 454 daAuts
